 Dungeon Crawl Stone Soup version 0.31-a0-152-g6aa68a64a1 (webtiles) character file.

Game seed: 4925170068968702124

1 jasper the Caller (level 1, 0/14 HPs)
             Began as a Demigod Summoner on June 9, 2023.
             Slain by a kobold
             ... wielding a +0 short sword
              (3 damage)
             ... on level 1 of the Dungeon.
             The game lasted 00:00:19 (85 turns).

jasper the Caller (Demigod Summoner)                  Turns: 85, Time: 00:00:19

Health: 0/14       AC:  2    Str:  9    XL:     1   Next: 13%
Magic:  1/5        EV: 12    Int: 17    God:
Gold:   8          SH:  0    Dex: 14    Spells: 2/3 levels left

rFire   . . .        (no weapon)
rCold   . . .        (no shield)
rNeg    . . .        a - +0 robe
rPois   .            (no helmet)
rElec   .            (no cloak)
rCorr   .            (no gloves)
SInv    .            (no boots)
Will    .....        (no amulet)
Stlth   ++           (no ring)
HPRegen 0.22/turn    (no ring)
MPRegen 0.09/turn

%: no passive effects
@: no status effects
A: high MP 1, forlorn, divine attributes
a: no special abilities


You were on level 1 of the Dungeon.
You visited 1 branch of the dungeon, and saw 1 of its levels.

You collected 8 gold pieces.

Inventory:

Armour
 a - a +0 robe (worn)
Potions
 b - a potion of magic


   Skills:
 - Level 1.7 Dodging
 - Level 1.7 Stealth
 + Level 1.8 Spellcasting
 + Level 3.6 Summonings


You had 2 spell levels left.
You knew the following spells:

 Your Spells              Type           Power      Damage    Failure   Level
a - Summon Small Mammal   Summ           52%        N/A       4%          1

Your spell library contained the following spells:

 Spells                   Type           Power      Damage    Failure   Level
 Call Imp                 Summ           26%        N/A       7%          2
 Call Canine Familiar     Summ           13%        N/A       13%         3
 Summon Guardian Golem    Hex/Summ       7%         N/A       28%         3
 Summon Lightning Spire   Summ/Air       7%         N/A       67%         4


Dungeon Overview and Level Annotations

Branches:
Dungeon (1/15)


Innate Abilities, Weirdness & Mutations

You have an increased reservoir of magic. (+10% MP)
You shall have no god before yourself.
Your divine heritage dramatically boosts your attributes as you level up.


Message History

The kobold hits you with a +0 short sword.
You take 2 damage, and have 9/14 hp.
You now have 0/5 mp.
You escape the ball python's grasp.
Your rat bites the kobold.
The kobold hits you with a +0 dagger.
You take 1 damage, and have 8/14 hp.
The kobold attacks as you move away! The kobold closely misses you.
Your rat closely misses the kobold.
You hit the ball python.
The ball python is severely wounded.
The ball python closely misses you. The ball python grabs you.
The ball python constricts you. The kobold completely misses your rat.
Your rat closely misses the ball python.
You closely miss the ball python.
The ball python is severely wounded.
The ball python barely misses you. The ball python constricts you.
Your rat barely misses the kobold.
The kobold hits your rat with a +0 dagger.
Your rat dies!
Your rat's corpse disappears in a puff of smoke!
Your rat closely misses the ball python.
You barely miss the ball python.
The ball python is severely wounded.
The ball python completely misses you. The ball python constricts you.
Your rat bites the ball python.
The ball python dies!
You hit the kobold but do no damage.
The kobold is severely wounded.
Your rat bites the kobold but does no damage.
You strike the helpless kobold from behind!
You hit the kobold but do no damage.
The kobold is severely wounded.
Your rat closely misses the kobold.
The kobold hits you with a +0 dagger. The kobold barely misses you.
You take 4 damage, and have 5/14 hp.
MASSIVE DAMAGE!!
You hit the kobold but do no damage.
The kobold is severely wounded.
Your rat misses the kobold. The kobold hits you with a +0 dagger.
* * * LOW HITPOINT WARNING * * *
The kobold hits you with a +0 short sword.
You die...

#.##>.## #.#>.##
#.#.## #...#
#### #..## .
#..# ##..# ...
#..## ###..#
#..#...###....#
#...@Kr......##
###.#K#........#
...#K.#....##[#
....###?#....#
.#
...............#
#
......###......#
..... #......#
..... #........
#......##


You could see 3 kobolds and a friendly rat (summoned).

Vanquished Creatures (collateral kills)
  A ball python (D:1)
  A rat (D:1)
2 creatures vanquished.

Notes
Turn   | Place    | Note
-------+----------+-------------------------------------------
     0 | D:1      | jasper the Demigod Summoner began the quest for the Orb.
     0 | D:1      | Reached XP level 1. HP: 14/14 MP: 5/5
    85 | D:1      | Slain by a kobold

Illustrated notes

Levels and vault maps discovered:
D:1:      tarquinn_simple_flora_water_f, layout_rooms, amcnicky_mini_pool_small,
          minmay_surrounded

Action                     || total
---------------------------++-------
  Melee: Unarmed           ||    10
   Cast: Summon Small Mamm ||     8
   Stab: Distracted        ||     1
 Armour: Robe              ||     2
  Dodge: Dodged            ||    12

Table legend: (Time is in decaauts)
 A = Elapsed time spent in this place.
 B = Non-inter-level travel time spent in this place.
 C = Inter-level travel time spent in this place.
 D = Time resting spent in this place.
 E = Time spent auto-exploring this place.
 F = Levels seen in this place.
 G = Mean time per level.
                   A        B        C        D        E       F      G
               +--------+--------+--------+--------+--------+-----+--------+
         Total |     85 |     85 |      0 |      0 |     50 |   1 |   85.0 |
       Dungeon |     85 |     85 |      0 |      0 |     50 |   1 |   85.0 |
               +--------+--------+--------+--------+--------+-----+--------+

Top non-repeatable levels by time:
     D:1: 85 daAuts
